Map: Blackburn LE

Players

MaxPax

  • Race: Protoss Protoss
  • League: Grandmaster

Reynor - Winner!

  • Race: Zerg Zerg
  • League: Master

Event: TSL 7

VOD

Have the link to the VOD?

Description

Time

  • Played on: June 12, 2021, 2:36 p.m.
  • Length: 20:41

All games in this series

Show
View Real Time Build Order
Export as new Build Order

MaxPax Protoss 

Build Orders: 1 Gate Expand, Oracle Opening 

Get SALT Encoding   

  12  0:01  Probe  
  13  0:13  Probe  
  14  0:21  Pylon  
  14  0:25  Probe  
  15  0:39  Probe (Chrono Boost)  
  16  0:43  Gateway  
  16  0:49  Probe (Chrono Boost)  
  17  0:50  Assimilator  
  17  0:56  Probe  
  18  1:08  Probe  
  19  1:22  Probe  
  20  1:29  Cybernetics Core  
  20  1:38  Nexus  
  20  1:42  Probe  
  21  1:48  Pylon  
  21  1:53  Assimilator  
  21  1:57  Probe  
  22  2:03  Adept (Chrono Boost)  
  24  2:09  Probe  
  25  2:21  Probe  
  26  2:24  Adept (Chrono Boost)  
  26  2:28  Stargate  
  28  2:33  Probe  
  28  2:36  Warp Gate  
  29  2:45  Probe (Chrono Boost)  
  29  2:50  Stalker  
  32  2:53  Probe (Chrono Boost)  
  34  3:03  Probe (Chrono Boost)  
  34  3:04  Probe (Chrono Boost)  
  35  3:09  Probe (Chrono Boost)  
  35  3:10  Probe (Chrono Boost)  
  37  3:15  Oracle (Chrono Boost)  
  37  3:19  Probe  
  41  3:21  Probe  
  42  3:31  Probe, Gateway  
  42  3:34  Probe  
  44  3:37  Pylon  
  44  3:38  Assimilator  
  44  3:42  Assimilator  
  44  3:43  Probe  
  44  3:46  Probe  
  46  3:53  Oracle (Chrono Boost)  
  46  3:54  Pylon  
  46  3:55  Probe  
  50  4:03  Probe  
  50  4:08  Probe  
  52  4:15  Probe  
  53  4:20  Probe  
  54  4:28  Probe  
  54  4:30  Adept  
  54  4:31  Adept  
  55  4:32  Probe  
  55  4:33  Stargate  
  56  4:40  Probe, Fleet Beacon  
  56  4:44  Probe  
  58  4:54  Probe  
  58  4:57  Pylon  
  59  5:01  Nexus  
  59  5:03  Probe  
  59  5:06  Probe  
  61  5:14  Pylon  
  61  5:15  Probe  
  61  5:20  Probe  
  63  5:22  Carrier (Chrono Boost)  
  69  5:32  Probe  
  69  5:35  Probe  
  77  5:36  Shield Battery  
  77  5:37  Shield Battery  
  77  5:39  Carrier (Chrono Boost)  
  77  5:44  Probe  
  77  5:48  Protoss Air Weapons Level 1  
  78  5:51  Assimilator, Flux Vanes  
  78  5:53  Pylon  
  78  5:56  Assimilator  
  78  6:04  Pylon  
  80  6:11  Probe x2  
  80  6:12  Robotics Facility  
  80  6:13  Probe  
  80  6:16  Carrier (Chrono Boost)  
  81  6:22  Adept  
  81  6:23  Probe x2  
  81  6:24  Adept  
  81  6:25  Probe  
  94  6:35  Probe x2  
  94  6:37  Probe  
  97  6:43  Carrier  
  103  6:47  Probe x2, Pylon  
  103  6:50  Twilight Council  
  103  6:52  Forge  
  98  7:08  Void Ray  
  98  7:09  Probe  
  98  7:14  Probe  
  104  7:23  Adept x2  
  108  7:33  Protoss Ground Weapons Level 1, Charge  
  108  7:34  Gateway  
  108  7:36  Photon Cannon, Gateway  
  108  7:37  Gateway  
  108  7:40  Pylon  
  108  7:44  Photon Cannon  
  108  7:49  Pylon, Void Ray x2 (Chrono Boost)  
  108  7:52  Templar Archives  
  108  7:55  Robotics Bay  
  108  7:58  Gateway  
  116  7:59  Photon Cannon  
  116  8:08  Photon Cannon  
  116  8:09  Shield Battery  
  116  8:16  Probe, Pylon  
  117  8:21  Pylon  
  117  8:26  Phoenix x2  
  109  8:30  Zealot  
  109  8:31  Zealot x2  
  109  8:33  Zealot  
  107  8:38  Probe x2  
  106  8:42  Stalker  
  106  8:46  Photon Cannon  
  100  8:50  Probe, Photon Cannon  
  100  8:51  Probe  
  100  8:53  Warp Prism (Chrono Boost)  
  103  9:05  High Templar x4  
  103  9:09  Probe x2  
  113  9:10  Archon x2  
  113  9:12  Probe  
  114  9:21  Probe, Shield Battery  
  119  9:28  High Templar x2  
  119  9:31  Gateway  
  119  9:32  Gateway, Archon, Shield Battery  
  119  9:34  Probe  
  122  9:41  Phoenix x2 (Chrono Boost)  
  124  9:52  Photon Cannon  
  124  9:56  Shield Battery  
  124  9:57  High Templar x2  
  124  9:58  Zealot  
  130  10:02  Archon  
  130  10:04  Observer (Chrono Boost)  
  131  10:08  Pylon  
  131  10:17  Observer (Chrono Boost), Zealot  
  131  10:18  Zealot  
  131  10:19  Zealot x2  
  140  10:22  Pylon  
  126  10:48  Zealot x6  
  126  10:49  Zealot x2  
  118  10:51  Void Ray (Chrono Boost)  
  118  10:56  Void Ray (Chrono Boost)  
  102  11:24  Probe, Void Ray (Chrono Boost)  
  102  11:25  Probe  
  91  11:27  Probe  
  91  11:28  Stalker x5  
  104  11:39  Void Ray (Chrono Boost)  
  102  11:48  Nexus  
  103  11:54  High Templar  
  103  11:55  High Templar x3  
  103  11:56  Void Ray (Chrono Boost)  
  103  11:58  Archon  
  103  12:00  Archon  
  113  12:17  Void Ray (Chrono Boost)  
  105  12:27  Void Ray (Chrono Boost)  
  106  12:42  Zealot  
  106  12:43  Zealot x4  
  116  12:45  Void Ray (Chrono Boost)  
  116  12:49  Protoss Air Weapons Level 2  
  120  12:53  Stargate  
  120  12:56  Probe  
  120  12:57  Probe x2, Stargate  
  123  13:01  Void Ray (Chrono Boost)  
  123  13:04  Probe  
  128  13:09  Probe  
  129  13:24  Void Ray (Chrono Boost)  
  133  13:28  Void Ray (Chrono Boost)  
  133  13:39  Void Ray (Chrono Boost)  
  143  13:42  Probe x4  
  143  13:47  Void Ray (Chrono Boost)  
  143  13:48  Zealot x4  
  145  13:56  Observer  
  145  14:01  Void Ray (Chrono Boost)  
  133  14:06  Void Ray (Chrono Boost)  
  133  14:07  Void Ray (Chrono Boost)  
  131  14:12  Pylon  
  131  14:17  Void Ray (Chrono Boost)  
  131  14:23  Probe x4  
  127  14:38  Void Ray (Chrono Boost)  
  127  14:42  Void Ray (Chrono Boost)  
  127  14:46  Shield Battery, Assimilator  
  127  14:47  Assimilator  
  127  14:48  Void Ray (Chrono Boost)  
  123  14:54  Zealot  
  123  14:55  Void Ray  
  123  14:59  Zealot  
  131  15:08  Void Ray  
  131  15:10  Shield Battery  
  135  15:23  Void Ray  
  135  15:26  Void Ray  
  129  15:42  Stalker x3  
  132  15:48  Void Ray  
  132  15:49  Photon Cannon  
  132  15:51  Photon Cannon  
  132  15:55  Void Ray  
  136  15:59  Pylon  
  136  16:00  Void Ray  
  140  16:07  Disruptor (Chrono Boost)  
  147  16:22  Protoss Ground Weapons Level 2 (Chrono Boost)  
  147  16:26  Void Ray  
  147  16:27  Pylon  
  147  16:28  Void Ray  
  147  16:30  Shield Battery  
  147  16:32  Disruptor (Chrono Boost)  
  151  17:01  Void Ray x2  
  153  17:08  Probe x2  
  153  17:13  Void Ray  
  142  17:20  Probe  
  140  17:25  Probe  
  140  17:26  Probe  
  140  17:29  Zealot x4  
  147  17:30  Disruptor (Chrono Boost)  
  149  17:43  High Templar x2  
  149  17:44  High Templar x2  
  149  17:47  Archon x2  
  149  17:51  Zealot x3  
  132  18:11  Void Ray x2  
  132  18:12  Void Ray  
  107  18:28  Zealot x6  
  93  18:44  Disruptor (Chrono Boost)  
  93  18:46  Zealot x2  
  96  18:50  Zealot x2  
  96  18:51  Zealot  
  96  18:58  Zealot x2  
  72  19:21  Zealot x5  
  77  19:34  Void Ray x2 (Chrono Boost)  
  67  19:51  Void Ray (Chrono Boost)  
  54  20:12  Zealot  
Show
View Real Time Build Order
Export as new Build Order

Reynor Zerg - Winner!

Build Orders: Hatch First 

Get SALT Encoding   

  12  0:00  Drone  
  13  0:11  Overlord  
  13  0:16  Drone  
  14  0:30  Drone x2  
  16  0:43  Drone  
  17  0:51  Hatchery  
  17  0:54  Drone  
  17  0:58  Drone  
  18  1:09  Extractor  
  17  1:12  Spawning Pool  
  17  1:15  Drone  
  17  1:19  Drone  
  18  1:27  Drone  
  19  1:38  Drone  
  20  1:48  Overlord  
  20  1:58  Queen  
  22  2:03  Drone  
  22  2:04  Drone, Queen  
  26  2:11  Zergling x2  
  26  2:12  Metabolic Boost  
  26  2:14  Zergling x2  
  28  2:22  Drone  
  29  2:25  Drone  
  30  2:35  Overlord  
  30  2:36  Queen  
  32  2:50  Hatchery  
  31  2:51  Zergling x2  
  31  2:53  Drone  
  31  2:55  Drone  
  31  2:58  Drone  
  35  3:02  Drone  
  36  3:07  Zergling x2  
  36  3:09  Zergling x2  
  37  3:16  Queen  
  37  3:19  Spore Crawler  
  38  3:24  Drone x2  
  38  3:25  Drone  
  39  3:28  Drone  
  39  3:30  Overlord  
  40  3:34  Drone  
  40  3:40  Drone  
  42  3:45  Overlord  
  42  3:51  Drone  
  42  3:53  Queen  
  45  3:56  Drone  
  45  3:59  Drone x3  
  45  4:02  Drone x2  
  51  4:04  Queen  
  53  4:11  Drone  
  53  4:12  Drone x2  
  53  4:18  Spore Crawler  
  53  4:20  Drone  
  53  4:24  Drone x3  
  55  4:25  Drone  
  55  4:28  Drone  
  55  4:30  Drone  
  55  4:32  Drone  
  55  4:36  Drone x2  
  55  4:37  Drone  
  59  4:39  Overlord  
  59  4:43  Drone  
  59  4:45  Drone  
  61  4:50  Overlord  
  61  4:51  Lair  
  61  5:01  Drone x4  
  61  5:06  Spore Crawler  
  64  5:07  Roach Warren  
  64  5:08  Drone x2, Extractor, Evolution Chamber  
  64  5:09  Drone  
  64  5:11  Drone  
  64  5:12  Drone  
  64  5:13  Drone  
  67  5:14  Drone  
  67  5:16  Drone  
  67  5:17  Drone  
  67  5:20  Drone, Spore Crawler  
  70  5:22  Drone  
  70  5:26  Zergling x4  
  73  5:33  Overlord  
  73  5:36  Overlord  
  73  5:37  Zerg Melee Weapons Level 1  
  73  5:41  Overlord  
  73  5:43  Extractor x2  
  73  5:44  Drone x2  
  73  5:47  Drone x2  
  73  5:50  Overlord  
  73  5:52  Drone x5  
  73  5:56  Drone x3, Spire  
  80  5:59  Extractor, Drone  
  80  6:00  Extractor  
  80  6:02  Queen  
  81  6:06  Queen  
  81  6:07  Overseer  
  81  6:10  Drone x2  
  85  6:12  Spore Crawler  
  85  6:14  Queen  
  85  6:16  Drone  
  85  6:17  Drone  
  85  6:18  Drone  
  89  6:25  Drone x2  
  91  6:28  Hatchery  
  91  6:29  Overlord  
  90  6:36  Zergling x12  
  96  6:41  Overlord  
  96  6:45  Overlord  
  96  6:47  Zergling x10  
  98  6:51  Zergling x6  
  98  6:52  Zergling x2  
  105  6:57  Overlord  
  105  6:59  Roach  
  107  7:03  Zergling x10  
  110  7:09  Overlord  
  110  7:15  Mutalisk x4  
  110  7:16  Mutalisk  
  110  7:22  Mutalisk x3  
  124  7:24  Mutalisk  
  124  7:27  Mutalisk  
  129  7:30  Drone x2  
  129  7:32  Mutalisk  
  129  7:36  Mutalisk  
  132  7:38  Overlord  
  133  7:47  Extractor x2  
  133  7:50  Mutalisk x2  
  135  7:53  Drone x4  
  135  7:55  Overlord  
  135  7:56  Zerg Flyer Weapons Level 1  
  135  7:58  Zergling x10  
  141  8:02  Drone  
  141  8:03  Drone x2  
  141  8:05  Mutalisk  
  147  8:06  Mutalisk  
  147  8:08  Drone  
  152  8:13  Overlord  
  148  8:20  Zergling x12  
  148  8:23  Mutalisk x2  
  149  8:38  Mutalisk x5  
  154  8:43  Zergling x8  
  138  8:49  Mutalisk x2  
  138  8:51  Drone x2  
  138  8:53  Mutalisk  
  134  9:00  Zergling x8  
  138  9:07  Drone x4  
  138  9:09  Drone  
  143  9:10  Drone  
  143  9:16  Corruptor x2  
  148  9:19  Corruptor  
  148  9:22  Corruptor  
  148  9:23  Corruptor  
  152  9:26  Overlord  
  152  9:29  Corruptor  
  154  9:34  Corruptor x2  
  158  9:40  Corruptor x2  
  158  9:43  Glial Reconstitution  
  162  9:50  Corruptor  
  164  9:54  Drone x2  
  164  9:59  Overlord  
  166  10:02  Corruptor x2  
  166  10:03  Hatchery, Overlord  
  169  10:07  Roach x3  
  169  10:09  Zerg Missile Weapons Level 1  
  169  10:13  Overlord  
  173  10:14  Roach  
  173  10:19  Roach x4  
  183  10:27  Overlord  
  183  10:28  Overlord  
  183  10:29  Zergling x2  
  183  10:31  Overlord  
  183  10:35  Overlord  
  136  10:46  Roach x13  
  144  10:55  Zergling x2, Roach x8  
  147  10:59  Roach x2  
  147  11:04  Roach x3  
  144  11:13  Roach x2  
  144  11:14  Zergling x6, Roach x2  
  144  11:19  Zergling x2, Roach x2  
  133  11:29  Roach x5  
  133  11:40  Ravager x4  
  133  11:41  Roach x3  
  143  11:48  Roach x4  
  143  11:50  Ravager x4  
  143  11:54  Roach x2  
  159  11:56  Zergling x2, Roach  
  162  12:09  Roach  
  162  12:10  Roach x6  
  162  12:13  Zergling x12  
  170  12:22  Corruptor x3  
  158  12:29  Corruptor x2  
  156  12:35  Corruptor  
  154  12:40  Drone x4  
  154  12:41  Drone  
  154  12:43  Corruptor  
  158  12:46  Corruptor  
  160  12:52  Drone  
  160  12:54  Corruptor  
  160  12:56  Corruptor  
  165  13:00  Drone x2  
  165  13:01  Drone  
  165  13:03  Corruptor  
  166  13:05  Corruptor  
  166  13:07  Overlord  
  166  13:09  Overlord  
  168  13:18  Corruptor x2  
  168  13:19  Overlord  
  172  13:26  Corruptor x2  
  163  13:32  Overlord  
  163  13:34  Corruptor x2  
  166  13:45  Corruptor x2  
  166  13:47  Queen  
  167  13:58  Corruptor x2  
  155  14:05  Corruptor  
  155  14:08  Zergling x14  
  155  14:09  Zergling x6  
  159  14:11  Roach x4  
  159  14:12  Roach x2  
  165  14:18  Corruptor  
  165  14:22  Roach x4  
  165  14:27  Roach  
  159  14:31  Corruptor x2  
  160  14:39  Corruptor  
  160  14:42  Corruptor  
  160  14:43  Queen x2  
  168  14:51  Corruptor x2  
  172  14:55  Corruptor  
  172  14:59  Queen  
  173  15:04  Corruptor  
  176  15:08  Overlord  
  176  15:11  Corruptor  
  178  15:17  Corruptor  
  180  15:22  Overlord  
  180  15:35  Corruptor x4  
  166  15:40  Queen x2  
  176  15:45  Queen  
  178  15:50  Queen  
  178  15:52  Ravager x2  
  178  15:55  Drone x2, Infestation Pit  
  183  15:57  Queen  
  183  16:02  Corruptor  
  183  16:03  Corruptor  
  183  16:05  Ravager x3  
  184  16:12  Corruptor  
  184  16:16  Queen, Corruptor  
  190  16:22  Corruptor  
  190  16:23  Corruptor  
  194  16:26  Ravager x2  
  194  16:28  Extractor  
  194  16:29  Extractor  
  192  16:36  Ravager, Corruptor x2  
  192  16:37  Queen  
  197  16:40  Roach  
  190  16:55  Corruptor x3  
  190  17:05  Zergling x20  
  175  17:18  Corruptor x5  
  175  17:20  Queen  
  173  17:29  Corruptor x2  
  177  17:32  Queen  
  177  17:34  Zergling x6  
  177  17:35  Ravager x2  
  184  17:43  Corruptor x2  
  171  17:58  Corruptor  
  171  17:59  Corruptor x3  
  171  18:05  Roach x4  
  162  18:18  Roach x4  
  155  18:25  Ravager  
  155  18:26  Roach x3  
  151  18:39  Roach x4  
  138  18:48  Roach x2  
  138  18:49  Roach  
  137  19:00  Roach x4  
  135  19:10  Roach x2  
  135  19:20  Roach  
  135  19:21  Roach x4  
  141  19:28  Corruptor  
  137  19:33  Corruptor  
  136  19:42  Corruptor x2  
  138  19:52  Corruptor  
  138  19:56  Corruptor  
  138  20:02  Corruptor  
  138  20:05  Corruptor  
  142  20:09  Corruptor  
Tags
 
Add a new tag
Caveats
  • Supply blocks, unpowered buildings, or Contaminate may cause inaccurate times.
  • Supply counts are checked every 10 seconds.